 Dungeon Crawl Stone Soup version 0.32-a0-540-g866d13106e (webtiles) character file.

Game seed: 9573838718059728691

1469151 ragingrage the Maledictor (level 25, 197/197 HPs)
             Began as a Vampire Enchanter on Feb 28, 2024.
             Was an Initiate of Gozag.
             Escaped with the Orb
             ... and 3 runes!
             The game lasted 02:56:40 (88234 turns).

ragingrage the Maledictor (Vampire Enchanter)      Turns: 88234, Time: 02:56:40

Health: 197/197    AC: 23    Str: 17    XL:     25   Next: 66%
Magic:  42/42      EV: 30    Int: 25    God:    Gozag
Gold:   10635      SH:  5    Dex: 27    Spells: 2/45 levels left

rFire   + . .        a - +12 triple crossbow of the Wasteland {speed, rPois Dex+2}
rCold   . . .        (shield currently unavailable)
rNeg    . . .        B - +4 robe of Augmentation {Str+4 Int+4 Dex+4}
rPois   +            T - +2 helmet
rElec   +            D - +2 cloak {rCorr}
rCorr   +            i - +2 pair of gloves {Dex+3}
SInv    +            m - +1 pair of boots of Vlad {rF+}
Will    +++..        K - amulet "Jejaosmu" {Reflect rPois Regen+ rCorr Int-5 SH+5}
Stlth   +++          p - +4 ring of protection
HPRegen 1.52/turn    Z - ring of Cubleor {rElec Will+ MP+9 Str+6}
MPRegen 0.28/turn

%: reflection
@: healing quickly, studying Summonings
A: alive, fangs 3, see invisible, vampiric 2, iridescent scales 1, low MP 1,
screaming 2
0: Orb of Zot
}: 3/15 runes: decaying, silver, gossamer
a: Exsanguinate, Renounce Religion, Potion Petition, Call Merchant, Bribe Branch


You escaped.
You worshipped Gozag.
Gozag was extremely pleased with you.
You visited 10 branches of the dungeon, and saw 48 of its levels.
You visited 2 bazaars.
You also visited: Trove, Ice Cave and Wizlab.

You collected 28130 gold pieces.
You spent 5368 gold pieces at shops.
You paid 12127 gold pieces to Gozag.

Inventory:

Hand Weapons
 a - the +12 triple crossbow of the Wasteland (weapon) {speed, rPois Dex+2}
   (You took it off a yaktaur captain on level 5 of the Vaults)

   Dex+2:     It affects your dexterity (+2).
   rPois:     It protects you from poison
 c - a +9 rapier of electrocution
Missiles
 N - 22 curare-tipped darts
Armour
 i - a +2 pair of gloves of dexterity (worn)
 m - the +1 pair of boots of Vlad (worn) {rF+}
   (You found it on level 1 of the Lair of Beasts)

   rF+:       It protects you from fire.
 B - the +4 robe of Augmentation (worn) {Str+4 Int+4 Dex+4}
   (You bought it in a shop in a bazaar)

   Str+4:     It affects your strength (+4).
   Int+4:     It affects your intelligence (+4).
   Dex+4:     It affects your dexterity (+4).
 D - a +2 cloak of preservation (worn)
 T - a +2 helmet (worn)
 U - a +3 buckler of reflection
Magical Staves
 b - the staff of Nitsek {rPois Tloc Fire Alchemy}
   (You found it on level 3 of the Elven Halls)

   [staff of alchemy]

   Base accuracy: +5 Base damage: 5 Base attack delay: 1.2 This weapon's minimum
   attack delay (0.6) is reached at skill level 12.
   rPois:     It protects you from poison Tloc: It increases the power of your
   Translocations spells.
   Fire:      It increases the power of your Fire spells.
   Alchemy:   It increases the power of your Alchemy spells.
   It falls into the 'Staves' category.
   It is a one-handed weapon.
Jewellery
 o - the ring of Afubinuz {Will+ rCorr Dex+3}
   (You acquired it on level 3 of the Elven Halls)

   [ring of resist corrosion]

   Dex+3:     It affects your dexterity (+3).
   Will+:     It increases your willpower.
   rCorr:     It protects you from acid and corrosion.
 p - a +4 ring of protection (left hand)
 v - a ring of protection from cold
 K - the amulet "Jejaosmu" (around neck) {Reflect rPois Regen+ rCorr Int-5 SH+5}
   (You acquired it on level 1 of the Elven Halls)

   [amulet of reflection]

   Reflect:   It reflects blocked missile attacks.
   Int-5:     It affects your intelligence (-5).
   rPois:     It protects you from poison Regen+: It increases your rate of
   health regeneration.
   rCorr:     It protects you from acid and corrosion.
   SH+5:      It affects your SH (+5).
 Z - the ring of Cubleor (right hand) {rElec Will+ MP+9 Str+6}
   (You took it off a deep elf demonologist on level 3 of the Elven Halls)

   [ring of strength]

   Str+6:     It affects your strength (+6).
   rElec:     It insulates you from electricity.
   Will+:     It increases your willpower.
   MP+9:      It affects your magic capacity (+9).
Wands
 n - a wand of mindburst (38)
 C - a wand of paralysis (21)
 E - a wand of warping (25)
 Q - a wand of digging (15)
 Y - a wand of quicksilver (28)
Scrolls
 e - 6 scrolls of fog
 f - 10 scrolls of fear
 h - 6 scrolls of blinking
 j - 4 scrolls of vulnerability
 k - 6 scrolls of teleportation
 q - 4 scrolls of amnesia
 t - 4 scrolls of silence
 y - 10 scrolls of immolation
 J - 3 scrolls of revelation
 O - 6 scrolls of summoning
 R - a scroll of enchant armour
 V - 5 scrolls of poison
 W - 8 scrolls of noise
Potions
 d - 4 potions of resistance
 g - 5 potions of brilliance
 l - 5 potions of cancellation
 r - 20 potions of curing
 s - 5 potions of haste
 w - a potion of berserk rage
 x - 13 potions of heal wounds
 F - 3 potions of invisibility
 G - 6 potions of attraction
 H - 7 potions of lignification
 I - 6 potions of ambrosia
 M - 7 potions of enlightenment
 P - 12 potions of might
 S - 6 potions of magic
 X - 5 potions of mutation
Miscellaneous
 u - a sack of spiders (inert)
 z - a lightning rod (4/4)
 A - a phial of floods
 L - a phantom mirror


   Skills:
 - Level 16.3 Fighting
 - Level 14.0 Short Blades
 + Level 21.2 Ranged Weapons
 - Level 2.2 Armour
 - Level 17.8 Dodging
 - Level 18.0 Stealth
 - Level 6.0 Shields
 - Level 10.5 Spellcasting
 - Level 9.3 Conjurations
 - Level 22.0 Hexes
 + Level 10.2 Necromancy
 - Level 2.0 Translocations
 - Level 5.0 Fire Magic
 - Level 2.0 Ice Magic
 - Level 8.8 Air Magic
 - Level 5.0 Earth Magic
 - Level 15.0 Alchemy
 - Level 10.0 Evocations


You had 2 spell levels left.
You knew the following spells:

 Your Spells              Type           Power      Damage    Failure   Level
a - Enfeeble              Hex            44%        N/A       1%          7
b - Borgnjor's Vile Clut  Necr/Erth      25%        N/A       6%          5
c - Discord               Hex            44%        N/A       3%          8
d - Olgreb's Toxic Radia  Alch           73%        N/A       1%          4
e - Irradiate             Conj/Alch      32%        3d22      1%          5
f - Ignite Poison         Fire/Alch      58%        N/A       1%          4
g - Passwall              Erth           38%        N/A       1%          3
h - Blink                 Tloc           46%        N/A       3%          2
i - Yara's Violent Unrav  Hex/Alch       40%        3d16      1%          5

Your spell library contained the following spells:

 Spells                   Type           Power      Damage    Failure   Level
 Jinxbite                 Hex            100%       N/A       0%          2
 Freeze                   Ice            92%        1d9       1%          1
 Magic Dart               Conj           100%       1d8       1%          1
 Sandblast                Erth           76%        2d16      1%          1
 Shock                    Conj/Air       100%       1d9       1%          1
 Sting                    Conj/Alch      100%       1d9       1%          1
 Cigotuvi's Dreadful Rot  Necr/Alch/Air  100%       N/A       1%          2
 Ensorcelled Hibernation  Hex/Ice        100%       N/A       1%          2
 Mercury Vapours          Alch/Air       100%       N/A       1%          2
 Momentum Strike          Conj/Tloc      82%        3d10      1%          2
 Scorch                   Fire           76%        2d8       1%          2
 Sublimation of Blood     Necr           59%        N/A       1%          2
 Lesser Beckoning         Tloc           46%        N/A       3%          2
 Summon Small Mammal      Summ           52%        N/A       4%          1
 Call Imp                 Summ           26%        N/A       7%          2
 Confusing Touch          Hex            89%        N/A       0%          3
 Sigil of Binding         Hex            89%        N/A       0%          3
 Tukima's Dance           Hex            89%        N/A       0%          3
 Cause Fear               Hex            44%        N/A       0%          4
 Dazzling Flash           Conj/Hex       100%       N/A       1%          3
 Fugue of the Fallen      Necr           59%        N/A       1%          3
 Hailstorm                Conj/Ice       41%        3d9       1%          3
 Inner Flame              Hex/Fire       69%        N/A       1%          3
 Mephitic Cloud           Conj/Alch/Air  62%        N/A       1%          3
 Stone Arrow              Conj/Erth      96%        3d13      1%          3
 Swiftness                Air            55%        N/A       1%          3
 Anguish                  Hex/Necr       38%        N/A       1%          4
 Dimensional Bullseye     Hex/Tloc       32%        N/A       1%          4
 Dispel Undead            Necr           59%        3d21      1%          4
 Fulminant Prism          Conj/Alch      32%        3d15      1%          4
 Leda's Liquefaction      Alch/Erth      29%        N/A       1%          4
 Petrify                  Alch/Erth      58%        N/A       1%          4
 Alistair's Intoxication  Alch           48%        N/A       1%          5
 Metabolic Englaciation   Hex/Ice        32%        N/A       1%          5
 Silence                  Hex/Air        37%        N/A       1%          5
 Eringya's Noxious Bog    Alch           36%        4d6       1%          6
 Brom's Barrelling Bould  Conj/Erth      48%        2d7       2%          4
 Flame Wave               Conj/Fire      48%        2d12      2%          4
 Iskenderun's Battlesphe  Conj           56%        2d11      2%          5
 Volatile Blastmotes      Fire/Tloc      60%        2d15      3%          3
 Iskenderun's Mystic Bla  Conj/Tloc      41%        2d9       4%          4
 Frozen Ramparts          Ice            46%        1d7       6%          3
 Gell's Gravitas          Tloc           23%        N/A       6%          3
 Ozocubu's Armour         Ice            23%        N/A       6%          3
 Teleport Other           Tloc           23%        N/A       6%          3
 Martyr's Knell           Necr/Summ      38%        N/A       6%          4
 Fireball                 Conj/Fire      24%        3d11      7%          5
 Summon Lightning Spire   Summ/Air       35%        N/A       8%          4
 Freezing Cloud           Conj/Ice/Air   23%        6-21      9%          5
 Summon Ice Beast         Ice/Summ       18%        N/A       10%         3
 Death Channel            Necr           29%        N/A       11%         6
 Call Canine Familiar     Summ           13%        N/A       14%         3
 Animate Armour           Summ/Erth      50%        N/A       17%         4
 Summon Blazeheart Golem  Fire/Summ      25%        N/A       17%         4
 Lee's Rapid Deconstruct  Erth           19%        3d11*     17%         5
 Conjure Ball Lightning   Conj/Air       27%        3x3d8     17%         6
 Passage of Golubria      Tloc           23%        N/A       21%         4
 Sculpt Simulacrum        Ice/Alch       26%        N/A       22%         6
 Bombard                  Conj/Erth      24%        9d5       36%         6
 Starburst                Conj/Fire      24%        6d8       36%         6
 Summon Forest            Summ/Tloc      9%         N/A       65%         5
 Orb of Destruction       Conj           28%        9d9       65%         7
 Haunt                    Necr/Summ      19%        N/A       99%         7
 Spellforged Servitor     Conj/Summ      18%        N/A       99%         7
 Summon Cactus Giant      Summ           6%         N/A       100%        6
 Malign Gateway           Summ/Tloc      9%         N/A       100%        7
 Summon Hydra             Summ           6%         N/A       100%        7
 Disjunction              Tloc           11%        N/A       100%        8
 Ignition                 Fire           19%        3d7       100%        8
 Lehudib's Crystal Spear  Conj/Erth      24%        10d7      100%        8
 Maxwell's Capacitive Co  Air            27%        ∞         100%        8
 Dragon's Call            Summ           6%         N/A       100%        9
 Animate Dead             Necr           Unusable   N/A       N/A         4
 Borgnjor's Revivificati  Necr           Unusable   N/A       N/A         8
 Death's Door             Necr           Unusable   N/A       N/A         9

Dungeon Overview and Level Annotations

Branches:
Dungeon (15/15)            Temple (0/1) D:4            Lair (5/5) D:10
  Swamp (4/4) Lair:3       Spider (4/4) Lair:3        Slime (1/5) Lair:5
    Orc (2/2) D:11            Elf (3/3) Orc:2        Vaults (5/5) D:13
  Crypt (0/3) Vaults:2     Depths (4/4) D:15            Zot (5/5) Depths:4
  IceCv (visited)          WizLab (visited)

Altars:
Ashenzari
Cheibriados
Gozag
Kikubaaqudgha
Makhleb
Nemelex Xobeh
Okawaru
Qazlal
Ru
Trog
Yredelemnul
Beogh
Jiyva

Shops:
D:10 *   D:11 [(   D:13 ?   D:14 *:?   D:15 (   Orc:1 [*:[:   Orc:2 :=::((([?
Elf:1 *(   Elf:3 [   Depths:2 [

Portals:
Hell: Depths:1 Depths:2 Depths:3 Depths:4
Abyss: Depths:3 Depths:4
Pandemonium: Depths:2 Depths:3
Ziggurat: Depths:2

Annotations:
D:10 exclusion: downstairs
D:13 3 runed translucent doors, 1 exclusion, LobsterGuardian's ghost, journeyman MiMo
D:14 exclusion: downstairs
Spider:4 exclusion: 2 doors
Elf:2 3 runed translucent doors
Zot:5 1 exclusion


Innate Abilities, Weirdness & Mutations

Your natural rate of healing is accelerated.
You have razor-sharp teeth.
You have supernaturally acute eyesight. (SInv)
You are afflicted with vampirism and can become a bat while bloodless.
You are partially covered in iridescent scales. (AC +2)
Your magical capacity is low. (-10% MP)
You frequently scream uncontrollably at your foes.


Message History

There is a stone staircase leading up here.
You climb upwards.
There is a stone staircase leading down here.
There is a stone staircase leading up here.
Things that are here:
a +0 robe; a +4 morningstar You climb upwards.
There is a stone staircase leading down here.
You see here a +0 spear.
Things that are here:
a +0 leather armour; a +0 mace You see here a +0 hand axe.
There is a stone staircase leading up here.
You climb upwards.
There is a stone staircase leading down here.
You see here a +0 robe.
A toenail golem comes into view.
You shoot a bolt. The bolt hits the toenail golem!
You shoot a bolt. The bolt hits the toenail golem!!
You shoot a bolt. The bolt hits the toenail golem!!
You destroy the toenail golem!
No target in view!
No target in view!
(D) Dungeon (T) Temple (L) Lair (S) Swamp (N) Spider Nest (M) Slime Pits (O) Orcish Mines (E) Elven Halls (V) Vaults (C) Crypt (U) Depths (H) Hell (Z) Zot
Where to? (Tab/Enter - D:1 @ (x,y), ? - help)
There is a stone staircase leading up here.
You climb upwards.
There is a stone staircase leading down here.
There is a stone staircase leading up here.
You climb upwards.
There is a stone staircase leading down here.
There is a stone staircase leading up here.
You climb upwards.
There is a stone staircase leading down here.
There is an open door here.
There is a staircase leading out of the dungeon here.
You have escaped!

#......##.# ##.##.# #
#.####.##.# #.##.### #.#
#.##.####### #.##.... #.#
#.##.##....# #.####.# #.#
#.......##.# #....... #.#
#.##.##.##'# ### ####.÷.# #.#
#.##.##.##.####.#######.... #.#
#......##...##.#'#.......## #.#
#.##.###..@..'##.#######.## #.#
#.##.####...###...##.....## #.#
#......###'###.....####.... #.#
####.### #.'........# #.### #.#
#.# ##'###.....## #.# # #.# #.#
##...###...## #.# # #.#######.#
#.....'##.## #.# #
#.......#.####...##.#'# ##.###
#######.#....##(####.######.#.##


There were no monsters in sight!

Vanquished Creatures
  A dread lich (Vaults:4)
  4 ancient liches
  An orb of fire (Zot:5)
  Mara (Swamp:3)
  A juggernaut (Depths:4)
  Xtahua (Vaults:2)
  Parghit (Depths:4)
  Sojobo (Vaults:2)
  5 Killer Klowns
  A caustic shrike (Depths:3)
  Jory (Vaults:3)
  4 curse toes
  Nikola (Vaults:3)
  12 golden dragons
  Arachne (Spider:3)
  2 electric golems
  2 walking crystal tomes (Depths:3)
  20 tentacled monstrosities
  2 liches
  7 Orb Guardians (Zot:5)
  Jorgrun (D:15)
  5 titans
  2 deep elf blademasters
  2 walking earthen tomes (Depths:3)
  A walking divine tome (Depths:3)
  6 sphinxes
  11 quicksilver dragons
  Agnes (Spider:3)
  Roxanne (Spider:3)
  6 death cobs
  4 thorn hunters
  10 tengu reavers
  8 shadow dragons
  16 storm dragons
  5 fire giants
  6 frost giants
  7 draconian monks
  A fenstrider witch (Swamp:4)
  7 protean progenitors
  3 iron dragons
  3 draconian shifters
  2 balrugs (Depths:2)
  3 draconian knights
  4 draconian scorchers
  10 vault wardens
  10 ghost moths
  13 deep elf sorcerers
  2 reapers (Depths:3)
  2 deep elf elementalists (Elf:3)
  12 emperor scorpions
  2 ghouls (Swamp:4)
  4 draconian annihilators
  2 orc warlords
  17 ironbound preservers
  3 draconian stormcallers
  A caustic shrike skeleton (Depths:4)
  3 spriggan defenders (Depths:2)
  7 very ugly things
  A broodmother (Spider:4)
  3 vampire knights
  7 ironbound thunderhulks
  2 formless jellyfish (Vaults:1)
  14 stone giants
  12 deep elf demonologists
  8 green draconians
  4 eleionomae
  A lorocyproca (D:11)
  6 white draconians
  8 black draconians
  8 red draconians
  4 dire elephants
  12 deep elf annihilators
  10 deep elf death magi
  3 bunyips
  6 yellow draconians
  2 war gargoyles (Vaults:5)
  9 spark wasps
  4 purple draconians
  An eidolon (Vaults:2)
  2 crystal guardians (Vaults:4)
  12 fire dragons
  11 ettins
  An entropy weaver (shapeshifter) (Elf:2)
  A merfolk javelineer (Depths:3)
  A merfolk impaler (Depths:3)
  Josephine (D:14)
  2 jiangshi (Depths:4)
  5 entropy weavers
  A shambling mangrove (Swamp:1)
  10 yaktaur captains
  4 great orbs of eyes
  2 rakshasas
  2 deep elf high priests
  13 ice dragons
  2 hell beasts
  23 hydras
  11 ironbound frosthearts
  42 vault guards
  2 jorogumos
  3 ogre magi
  10 spriggan air magi
  4 two-headed ogres
  3 peacekeepers
  2 boulder beetles
  2 centaur warriors (D:13)
  7 dancing weapons
  7 alligators
  2 catoblepae
  6 tengu warriors
  A two-headed ogre (shapeshifter) (Vaults:5)
  3 orc high priests (Orc:2)
  6 death yaks
  2 radroaches
  9 deep troll earth magi
  9 deep troll shamans
  4 spriggan berserkers
  Nergalle (D:10)
  9 demonic crawlers
  10 vampire magi
  19 spriggans
  Sonja (D:10)
  2 occultists (Depths:4)
  A skyshark (shapeshifter) (Vaults:5)
  11 hell knights
  9 deep elf knights
  9 skeletal warriors
  12 iron trolls
  8 pharaoh ants
  58 deep trolls
  5 arcanists
  7 goliath frogs
  3 spriggan druids
  2 glowing orange brains
  A flayed ghost (Depths:4)
  5 orb spiders
  26 ironbound convokers
  2 spark wasp zombies (Depths:4)
  A sun moth (Spider:2)
  An orb spider (shapeshifter) (Vaults:5)
  15 bog bodies
  An orange crystal statue (Depths:2)
  12 swamp dragons
  7 lindwurms
  6 deep elf archers
  A harpy (Vaults:3)
  16 deep elf zephyrmancers
  11 wolf spiders
  3 thermic dynamos (Elf:1)
  10 orc knights
  23 deep elf pyromancers
  13 necromancers
  6 phantasmal warriors
  A mana viper (shapeshifter) (Vaults:5)
  3 will-o-the-wisps
  A wolf spider (shapeshifter) (Depths:4)
  A wolf spider zombie (D:15)
  Maurice (D:7)
  A shining eye (shapeshifter) (Elf:1)
  45 ugly things
  A salamander (shapeshifter) (Depths:4)
  3 manticores
  2 cyclopes (shapeshifter)
  6 orc sorcerers
  10 steelbarb worms
  9 meliai
  3 cyclopes
  2 toenail golems
  An elephant (shapeshifter) (Depths:4)
  30 moths of wrath
  2 ice statues (IceCv)
  A rust devil (Depths:3)
  8 black mambas
  27 elephants
  22 vault sentinels
  A kobold blastminer (Orc:2)
  A water nymph (shapeshifter) (Vaults:5)
  10 torpor snails
  A gargoyle (D:12)
  A torpor snail (shapeshifter) (Vaults:3)
  Maggie (Lair:1)
  6 cane toads
  19 yaktaurs
  11 rime drakes
  3 centaur skeletons (D:15)
  An unseen horror (shapeshifter) (Elf:1)
  6 freezing wraiths
  8 komodo dragons
  A tormentor (D:7)
  10 tengu conjurers
  3 bloated husks (Swamp:2)
  A red devil (Spider:1)
  A merfolk (shapeshifter) (Vaults:5)
  22 hornets
  2 trolls
  13 tyrant leeches
  20 blink frogs
  27 tarantellas
  A glass eye (shapeshifter) (Elf:1)
  Prince Ribbit (D:7)
  A dream sheep (Lair:5)
  3 glass eyes (Depths:2)
  36 jumping spiders
  48 slime creatures
  3 centaur simulacra
  A jumping spider (shapeshifter) (Vaults:4)
  3 air elementals (Elf:1)
  12 culicivoras
  2 vampires
  7 water elementals
  6 wraiths
  A ynoxinul (D:11)
  5 wyverns
  52 yaks
  Grum (Lair:1)
  9 basilisks
  5 steam dragons
  2 fire elementals
  48 redbacks
  2 death yak simulacra (D:13)
  Menkaure (D:7)
  7 vampire mosquitoes
  22 swamp worms
  A swamp worm (shapeshifter) (Depths:4)
  4 acid dragons
  13 water moccasins
  4 hydra simulacra (D:13)
  4 ice beasts
  3 black bears
  12 orc warriors
  9 swamp drakes
  A meliai simulacrum (D:15)
  9 ogres
  10 boggarts
  2 laughing skulls (D:15)
  18 wolves
  11 centaurs
  3 phantoms
  2 kobold brigands (D:10)
  10 bullfrogs
  5 gnoll sergeants
  3 earth elementals
  7 wights
  2 elephant simulacra (D:13)
  3 lindwurm simulacra (IceCv)
  5 killer bees (D:7)
  6 electric eels
  5 howler monkeys
  3 hounds (D:6)
  6 komodo dragon simulacra (IceCv)
  10 orc priests
  5 jellies (Lair:5)
  3 gnoll boudas
  5 iguanas
  2 sleepcaps
  19 orc wizards
  A boggart skeleton (D:15)
  12 gnolls
  6 acid dragon simulacra (IceCv)
  6 adders
  6 white imps
  3 hell rat simulacra (D:13)
  6 steam dragon simulacra (IceCv)
  2 dart slugs (D:2)
  2 ribbon worms
  60 orcs
  11 endoplasms
  5 goblins
  7 hobgoblins
  2 quokkas
  6 ball pythons
  4 bats
  5 frilled lizards
  12 kobolds
  5 rats
  2 aspiring fleshes
1948 creatures vanquished.

Vanquished Creatures (collateral kills)
  An ancient lich (Zot:5)
  the Lernaean hydra (Swamp:4)
  A golden dragon (Zot:5)
  An Orb Guardian (Zot:5)
  A storm dragon (Zot:5)
  A draconian monk (Zot:4)
  A draconian knight (Zot:2)
  2 draconian scorchers
  A draconian annihilator (Zot:2)
  A draconian stormcaller (Zot:4)
  A stone giant (Depths:3)
  3 black draconians
  3 green draconians
  A white draconian (Zot:2)
  A red draconian (Zot:3)
  2 yellow draconians
  4 purple draconians
  A deep troll shaman (Depths:3)
  A deep troll earth mage (Depths:3)
  3 deep trolls (Depths:3)
  2 iron trolls (Depths:3)
  A moth of wrath (Zot:2)
  2 water elementals (Depths:3)
  A swamp drake (Swamp:4)
37 creatures vanquished.

Vanquished Creatures (others)
  3 Killer Klowns (Zot:5)
  An electric golem (Zot:5)
  A tentacled monstrosity (Zot:5)
  4 Orb Guardians (Zot:5)
  A titan (Vaults:3)
  A quicksilver dragon (Zot:5)
  2 draconian knights (Zot:5)
  A draconian scorcher (Zot:5)
  A green draconian (Zot:5)
  2 black draconians
  2 white draconians
  A yellow draconian (Zot:4)
  A centaur warrior (D:15)
  An iron troll (Depths:3)
  2 deep trolls
  A lindwurm (Vaults:3)
  An ironbound convoker (Vaults:3)
  A deep elf pyromancer (D:15)
  A moth of wrath (Zot:5)
  A jumping spider (Spider:3)
  A foxfire (Swamp:4)
30 creatures vanquished.

Grand Total: 2015 creatures vanquished

Notes
Turn   | Place    | Note
-------+----------+-------------------------------------------
     0 | D:1      | ragingrage the Vampire Enchanter began the quest for the
                  | Orb.
     0 | D:1      | Reached XP level 1. HP: 13/13 MP: 3/3
   358 | D:1      | Reached XP level 2. HP: 19/19 MP: 5/5
   574 | D:1      | Learned a level 2 spell: Ensorcelled Hibernation
   792 | D:2      | Found a faded altar of an unknown god.
   805 | D:2      | Prayed at the altar of an unknown god.
   805 | D:2      | Became a worshipper of Gozag Ym Sagoz the Greedy
   961 | D:2      | Reached skill level 5 in Hexes
  1146 | D:2      | Gained mutation: You are afflicted with vampirism and can
                  | become a bat while bloodless. [Vampire growth]
  1146 | D:2      | Reached XP level 3. HP: 24/24 MP: 6/6
  1487 | D:2      | Reached skill level 1 in Ice Magic
  2189 | D:3      | Learned a level 3 spell: Confusing Touch
  2303 | D:3      | Reached XP level 4. HP: 30/30 MP: 4/7
  2448 | D:3      | Found a sparkling altar of Nemelex Xobeh.
  3269 | D:4      | Noticed an ogre
  3311 | D:4      | Reached XP level 5. HP: 27/35 MP: 5/8
  3387 | D:4      | Found a staircase to the Ecumenical Temple.
  3628 | D:4      | Found a broken altar of Ashenzari.
  3628 | D:4      | Noticed an ogre
  4393 | D:5      | Entered Level 5 of the Dungeon
  4428 | D:5      | Noticed an ice beast
  4461 | D:5      | Reached skill level 5 in Short Blades
  4604 | D:5      | Noticed a phantom
  4628 | D:5      | Killed a phantom
  4629 | D:5      | Reached XP level 6. HP: 41/41 MP: 7/9
  4695 | D:5      | Killed an ice beast
  4696 | D:5      | Reached skill level 6 in Hexes
  4730 | D:5      | Noticed an ice beast
  5048 | D:5      | Reached XP level 7. HP: 46/46 MP: 7/10
  5250 | D:6      | Reached skill level 7 in Hexes
  5560 | D:6      | Learned a level 3 spell: Mephitic Cloud
  5749 | D:6      | Reached skill level 1 in Alchemy
  5818 | D:6      | Reached XP level 8. HP: 48/52 MP: 7/11
  6339 | D:4      | Reached skill level 10 in Short Blades
  6522 | D:5      | Reached skill level 5 in Alchemy
  6882 | D:7      | Noticed Maurice
  6952 | D:8      | Reached XP level 9. HP: 57/57 MP: 9/12
  6978 | D:8      | Learned a level 4 spell: Olgreb's Toxic Radiance
  6996 | D:8      | Found an iron altar of Okawaru.
  6998 | D:8      | Found a basalt altar of Yredelemnul.
  7001 | D:8      | Noticed a two-headed ogre
  7020 | D:8      | Killed a two-headed ogre
  7275 | D:8      | Identified the +0 hand axe of the Thing {flame, Fly rF+
                  | Int+3}
  7310 | D:7      | Noticed Menkaure
  7361 | D:7      | Killed Menkaure
  7582 | D:7      | Reached skill level 10 in Alchemy
  7582 | D:7      | Reached skill level 1 in Fighting
  7593 | D:7      | Killed Maurice
  7594 | D:7      | Reached skill level 1 in Conjurations
  7594 | D:7      | Reached skill level 1 in Air Magic
  7739 | D:7      | Reached XP level 10. HP: 68/68 MP: 9/13
  7802 | D:7      | Noticed Prince Ribbit
  8027 | D:7      | Found a sacrificial altar of Ru.
  8162 | D:7      | Killed Prince Ribbit
  9111 | D:9      | Reached skill level 5 in Stealth
  9758 | D:10     | Entered Level 10 of the Dungeon
 10011 | D:10     | Found Dododoak's CLEARANCE SALE!.
 10016 | D:10     | Found a staircase to the Lair.
 10016 | D:10     | Noticed an elephant
 10017 | D:10     | Noticed Sonja
 10032 | D:10     | Killed Sonja
 10041 | D:10     | Killed an elephant
 10056 | D:10     | Reached skill level 10 in Stealth
 10358 | D:10     | Noticed Nergalle
 10655 | D:10     | Killed Nergalle
 10656 | D:10     | Reached XP level 11. HP: 75/75 MP: 7/14
 11217 | D:11     | Noticed a skeletal warrior
 11217 | D:11     | Noticed a skeletal warrior
 11219 | D:11     | Noticed a skeletal warrior
 11776 | D:10     | Bought a phial of floods for 200 gold pieces
 11964 | Lair:1   | Entered Level 1 of the Lair of Beasts
 11990 | Lair:1   | You fall into a shaft and drop 1 floor!
 12000 | Lair:2   | Noticed a death yak
 12123 | Lair:3   | Reached skill level 5 in Fighting
 12324 | Lair:3   | Reached skill level 5 in Dodging
 12324 | Lair:3   | Reached skill level 8 in Hexes
 12605 | Lair:3   | Reached skill level 5 in Conjurations
 12618 | Lair:3   | Learned a level 5 spell: Irradiate
 12825 | Lair:3   | Reached skill level 9 in Hexes
 12897 | Lair:3   | Found a hole to the Spider Nest.
 12961 | Lair:3   | Noticed a seven-headed hydra
 12968 | Lair:3   | Noticed a four-headed hydra
 13725 | Lair:4   | Reached XP level 12. HP: 80/86 MP: 8/18
 14768 | Lair:4   | Noticed an eight-headed hydra
 14774 | Lair:4   | Killed an eight-headed hydra
 15356 | Lair:5   | Entered Level 5 of the Lair of Beasts
 15670 | Lair:5   | Noticed a five-headed hydra
 16071 | Lair:5   | Reached XP level 13. HP: 77/96 MP: 0/19
 16546 | Lair:5   | Reached skill level 1 in Evocations
 16961 | Lair:5   | Reached skill level 10 in Hexes
 17362 | Lair:5   | Identified the +0 ring mail of the Bulwark {rF+}
 17375 | Lair:5   | Found a viscous altar of Jiyva.
 17375 | Lair:5   | Found a staircase to the Slime Pits.
 17949 | Lair:5   | Reached skill level 11 in Hexes
 18587 | Lair:5   | Reached skill level 10 in Dodging
 18590 | Lair:5   | Reached skill level 12 in Hexes
 19348 | Lair:2   | Reached skill level 13 in Hexes
 19962 | Lair:2   | Reached skill level 14 in Hexes
 19990 | Lair:1   | Noticed Grum
 19991 | Lair:1   | Killed Grum
 20010 | Lair:1   | Reached XP level 14. HP: 72/105 MP: 5/20
 20870 | Lair:1   | Reached skill level 15 in Hexes
 20908 | Lair:1   | Noticed Maggie
 20926 | Lair:1   | Killed Maggie
 21087 | Lair:1   | Identified the +1 pair of boots of Vlad {rF+}
 22850 | D:11     | Reached skill level 1 in Armour
 23829 | D:11     | Found Gitam's Weapon Emporium.
 23829 | D:11     | Found a staircase to the Orcish Mines.
 23936 | D:11     | Found Tialaoc's Armour Emporium.
 24060 | D:11     | Bought the +2 leather armour of Beogh, Rescuing {rElec
                  | rPois Slay+2} for 501 gold pieces
 24076 | Orc:1    | Entered Level 1 of the Orcish Mines
 24096 | Orc:1    | Found Jitar's Armour Boutique.
 24323 | Orc:1    | Found Baegoink's Assorted Antiques.
 24391 | Orc:1    | Found Qimoiweo's Book Boutique.
 24476 | Orc:2    | Entered Level 2 of the Orcish Mines
 24785 | Orc:2    | Found Seagicuv's Jewellery Shoppe.
 24914 | Orc:2    | Found Fasiufon's Book Shoppe.
 25073 | Orc:2    | Paralysed by an orc sorcerer for 5 turns
 25269 | Orc:2    | Found Wot Gum's Magic Scroll Boutique.
 25271 | Orc:2    | Found a staircase to the Elven Halls.
 25273 | Orc:2    | Found a roughly hewn altar of Beogh.
 25274 | Orc:2    | Bought a scroll of summoning for 152 gold pieces
 25274 | Orc:2    | Bought a scroll of enchant armour for 120 gold pieces
 25275 | Orc:2    | Bought a scroll of enchant armour for 120 gold pieces
 25302 | Orc:2    | Found Tex Egomm's Weapon Boutique.
 25348 | Orc:2    | Found a roughly hewn altar of Beogh.
 25534 | Orc:2    | Found Cysysapt's Armour Emporium.
 25745 | Orc:2    | Found Kimnim's Weapon Boutique.
 25745 | Orc:2    | Found Muudehiept's Book Boutique.
 25747 | Orc:2    | Found Feyzeimp's Weapon Shoppe.
 25747 | Orc:2    | Found Xaofel's Book Shoppe.
 25767 | Orc:2    | Bought a book of Burglary for 286 gold pieces
 25771 | Orc:2    | Learned a level 3 spell: Passwall
 25997 | Orc:1    | Found Edwaemni's Book Emporium.
 26302 | Orc:1    | Found Fomodghyb's Antique Armour Shop.
 26311 | Orc:1    | Bought a pair of glowing gloves for 180 gold pieces
 26326 | Orc:1    | Bought a shiny helmet for 180 gold pieces
 26714 | D:11     | Found a burning altar of Makhleb.
 26719 | D:11     | Noticed a cacodemon
 27101 | D:12     | Reached skill level 1 in Earth Magic
 27453 | D:11     | Reached skill level 16 in Hexes
 27962 | D:12     | Reached XP level 15. HP: 77/114 MP: 3/21
 28625 | D:13     | Noticed LobsterGuardian's ghost (journeyman MiMo)
 28873 | D:13     | Found Dyise's Magic Scroll Shoppe.
 28881 | D:13     | Bought a scroll of noise for 17 gold pieces
 28881 | D:13     | Bought a scroll of blinking for 127 gold pieces
 28881 | D:13     | Bought a scroll of blinking for 127 gold pieces
 28881 | D:13     | Bought a scroll of fear for 68 gold pieces
 28881 | D:13     | Bought a scroll of enchant armour for 127 gold pieces
 28967 | D:13     | Found a frozen archway.
 28981 | IceCv    | Entered an ice cave
 29439 | IceCv    | Identified the +7 sling of Becorig {elec, rF+ MP+9 Dex+6}
 29983 | D:13     | Found a gate to the Vaults.
 30005 | D:13     | Reached skill level 5 in Spellcasting
 30365 | D:13     | Found a runed translucent gate.
 30366 | D:13     | Found a runed translucent gate.
 30790 | D:13     | Reached skill level 10 in Fighting
 30933 | D:13     | Found a runed translucent gate.
 31833 | D:14     | Reached skill level 17 in Hexes
 32073 | D:14     | Found Goejaben's Assorted Antiques.
 32084 | D:14     | Bought a scroll of enchant armour for 217 gold pieces
 32084 | D:14     | Bought a scroll of teleportation for 87 gold pieces
 32084 | D:14     | Bought a scroll of identify for 58 gold pieces
 32328 | D:14     | Found Terauko's Magic Scroll Emporium.
 32334 | D:14     | Bought a scroll of identify for 26 gold pieces
 32334 | D:14     | Bought a scroll of identify for 26 gold pieces
 32334 | D:14     | Bought a scroll of summoning for 123 gold pieces
 32794 | D:14     | Found Welaoten's Book Shoppe.
 32840 | D:15     | Entered Level 15 of the Dungeon
 33151 | D:15     | Noticed Jorgrun
 33151 | D:15     | Noticed Josephine
 33272 | D:15     | Found Igausk's Weapon Shop.
 33463 | D:15     | Killed Jorgrun
 33750 | D:14     | Bought a Trismegistus Codex for 308 gold pieces
 33755 | D:14     | Learned a level 4 spell: Ignite Poison
 33901 | D:15     | Reached skill level 18 in Hexes
 34070 | D:15     | Reached skill level 1 in Fire Magic
 34085 | D:14     | Killed Josephine
 34583 | D:15     | Found a staircase to the Depths.
 34897 | D:13     | Bought a scroll of identify for 34 gold pieces
 35430 | Spider:1 | Entered Level 1 of the Spider Nest
 35530 | Spider:1 | Reached XP level 16. HP: 116/122 MP: 10/27
 36205 | Spider:1 | Learned a level 2 spell: Blink
 36285 | Spider:2 | Learned a level 5 spell: Yara's Violent Unravelling
 36817 | Spider:2 | Reached skill level 19 in Hexes
 37318 | Spider:2 | Reached skill level 15 in Alchemy
 37379 | Spider:2 | Identified the orb of the Lost Path {*Rage, Str+5 Conj
                  | Summ}
 37381 | Spider:2 | Identified the +10 lajatang of the Disbelieving Bear
                  | {flame, rF+ Str+2 Dex+3}
 37653 | Spider:3 | Reached skill level 5 in Fire Magic
 38238 | Spider:3 | Noticed Agnes
 38240 | Spider:3 | Reached skill level 1 in Shields
 38278 | Spider:3 | Killed Agnes
 38558 | Spider:3 | Noticed Arachne
 38715 | Spider:3 | Killed Arachne
 38716 | Spider:3 | Reached skill level 5 in Shields
 39086 | Spider:3 | Noticed Roxanne
 39333 | Spider:4 | Entered Level 4 of the Spider Nest
 39478 | Spider:4 | Reached XP level 17. HP: 128/128 MP: 20/30
 41751 | Spider:4 | Got a gossamer rune of Zot
 41897 | Spider:4 | Found a large runed translucent door.
 41897 | Spider:4 | Found a large runed translucent door.
 42181 | Elf:1    | Entered Level 1 of the Elven Halls
 42226 | Elf:1    | Found Busom's Neck Hole.
 42324 | Elf:1    | Found Akkaats's Antique Weapon Emporium.
 42329 | Elf:1    | Bought a polished dagger for 196 gold pieces
 42329 | Elf:1    | Identified the +8 dagger of Dishonour {heavy, rPois Str+6
                  | Dex-5} (You bought it in a shop on level 1 of the Elven
                  | Halls)
 42764 | Elf:1    | Paralysed by an air elemental for 1 turns
 42782 | Elf:1    | Reached skill level 5 in Evocations
 42854 | Elf:1    | Identified 3 scrolls of acquirement
 42862 | Elf:1    | Acquired the amulet "Jejaosmu" {Reflect rPois Regen+ rCorr
                  | Int-5 SH+5}
 43205 | Elf:1    | Paralysed by an air elemental for 1 turns
 43209 | Elf:1    | Paralysed by an air elemental for 1 turns
 43212 | Elf:1    | Paralysed by an air elemental for 1 turns
 43216 | Elf:1    | Paralysed by an air elemental for 1 turns
 43608 | Elf:2    | Identified the +3 leather armour of the Earth {rF+ Int+2}
 43648 | Elf:2    | Found a flickering gateway to a bazaar.
 43729 | Bazaar   | Entered a bazaar
 43817 | Bazaar   | Found Lailoz's Antique Weapon Shoppe.
 43825 | Bazaar   | Found Gedosh's Antique Weapon Emporium.
 43842 | Bazaar   | Found Coisumim's Antique Armour Emporium.
 43842 | Bazaar   | Found Kantegh's Antique Armour Shoppe.
 43858 | Bazaar   | Bought the +4 robe of Augmentation {Str+4 Int+4 Dex+4} for
                  | 1269 gold pieces
 43858 | Bazaar   | Found the +4 robe of Augmentation {Str+4 Int+4 Dex+4}
 44524 | Elf:2    | Found a runed translucent gate.
 44524 | Elf:2    | Found a runed translucent gate.
 44524 | Elf:2    | Found a runed translucent gate.
 44570 | Elf:3    | Entered Level 3 of the Elven Halls
 44692 | Elf:3    | Found Dear's Armour Shoppe.
 46609 | Elf:3    | Reached XP level 18. HP: 139/139 MP: 23/31
 46937 | Elf:3    | Noticed a Hell Sentinel
 47301 | Elf:3    | Noticed a Brimstone Fiend
 47836 | Elf:3    | Identified the ring of Cubleor {rElec Will+ MP+9 Str+6}
 47841 | Elf:3    | Gained mutation: You are dopey. (Int -2) [a cacodemon]
 48423 | Elf:3    | Noticed an Ice Fiend
 48424 | Elf:3    | Noticed a Brimstone Fiend
 48937 | Elf:3    | Identified the +11 morningstar of Ehorhuli {elec, *Slow
                  | rPois rCorr Int+4}
 49257 | Elf:3    | Identified the +8 chain mail "Axehaf" {Harm rPois}
 49830 | Elf:3    | Identified the +10 war axe "Xal Souk" {flame, rN+ Str+3}
 50097 | Elf:3    | Identified the staff "Qimit" {rC+ rN+ Int+4 Necro}
 50114 | Elf:3    | Got Sif Muna's Volume of Sizzling Flux
 50117 | Elf:3    | Identified the +1 hand axe "Lebide" {venom, *Corrode rF++
                  | Will+ Dex+3}
 50127 | Elf:3    | Got the Vademecum on the Decanter and Percussion
 50166 | Elf:3    | Identified the staff of Nitsek {rPois Tloc Fire Alchemy}
 50180 | Elf:3    | Identified the staff of the Volcano {rElec Int+5 Air}
 50205 | Elf:3    | Found the +18 Lear's hauberk
 50212 | Elf:3    | Identified the +4 plate armour of Lahaz {rElec Stlth+}
 50226 | Elf:3    | Learned a level 7 spell: Enfeeble
 50227 | Elf:3    | Acquired the ring of Afubinuz {Will+ rCorr Dex+3}
 50229 | Elf:3    | Acquired a manual of Dodging
 50556 | Vaults:1 | Entered Level 1 of the Vaults
 50620 | Vaults:1 | Found a magical portal.
 50654 | WizLab   | Entered Wucad Mu's Monastery
 51802 | Vaults:1 | Identified the staff of Upheaval {rF+ Will+ MP+9 Str-2
                  | Fire}
 53244 | Vaults:2 | Reached skill level 15 in Fighting
 53468 | Vaults:2 | Noticed Sojobo
 53477 | Vaults:2 | Killed Sojobo
 53486 | Vaults:2 | Reached XP level 19. HP: 133/155 MP: 13/32
 53641 | Vaults:2 | Found a staircase to the Crypt.
 54314 | Vaults:2 | Reached skill level 15 in Dodging
 55242 | Vaults:2 | You fall into a shaft and drop 1 floor!
 55324 | Vaults:3 | Noticed Jory
 55816 | Vaults:2 | Upgraded the game from 0.32-a0-520-g344ed53f66 to
                  | 0.32-a0-540-g866d13106e
 55893 | Vaults:3 | Killed Jory
 56154 | Vaults:3 | Noticed Nikola
 56164 | Vaults:3 | Killed Nikola
 56292 | Vaults:2 | Noticed Xtahua
 56379 | Vaults:2 | Killed Xtahua
 58019 | Vaults:4 | Reached skill level 10 in Spellcasting
 58515 | Vaults:4 | Reached XP level 20. HP: 165/165 MP: 27/34
 58689 | Vaults:4 | Reached skill level 15 in Stealth
 59016 | Vaults:4 | Identified the +0 pair of gloves of Losuuss {rPois}
 59247 | Vaults:5 | Entered Level 5 of the Vaults
 59252 | Vaults:5 | Noticed an ancient lich
 59462 | Vaults:4 | Gained mutation: You are very dopey. (Int -4) [mutagenic
                  | glow]
 59566 | Vaults:4 | Reached skill level 5 in Air Magic
 59911 | Vaults:5 | Noticed a dread lich
 59939 | Vaults:4 | Killed an ancient lich
 60051 | Vaults:4 | Killed a dread lich
 60305 | Vaults:5 | Identified the +3 demon blade of Wealth {vamp, rN+ Will+}
 60314 | Vaults:5 | Noticed a golden dragon
 60604 | Vaults:5 | Noticed a golden dragon
 60643 | Vaults:4 | Killed a golden dragon
 61182 | Vaults:4 | Killed a golden dragon
 61743 | Vaults:5 | Reached XP level 21. HP: 171/171 MP: 32/35
 61748 | Vaults:5 | Reached skill level 10 in Evocations
 62424 | Vaults:5 | Identified the +10 whip of Veuwnuxont {spect, rF+ rN+}
 62514 | Vaults:5 | Identified the +12 triple crossbow of the Wasteland {speed,
                  | rPois Dex+2}
 62651 | Vaults:5 | Reached skill level 1 in Ranged Weapons
 63068 | Vaults:5 | Identified the +7 chain mail of the Hot Ocelot {*Slow rElec
                  | rN+ Str+4}
 63149 | Vaults:5 | Noticed a golden dragon
 63201 | Vaults:5 | Killed a golden dragon
 63265 | Vaults:5 | Identified the ring "Kuykhlep" {^Drain rF- rCorr Str+5
                  | Dex+6}
 63426 | Vaults:5 | Reached skill level 5 in Ranged Weapons
 64028 | Vaults:5 | Identified the +15 plate armour "Ikuh" {^Contam rN+ Will+
                  | Int+2}
 64205 | Vaults:5 | Identified the +7 shortbow of the Kidney {antimagic,
                  | Will++}
 64388 | Vaults:5 | Identified the +14 crystal plate armour of Jicy {Will+}
 64515 | Vaults:5 | Got a silver rune of Zot
 64997 | Depths:1 | Entered Level 1 of the Depths
 65007 | Depths:1 | Reached skill level 1 in Translocations
 65275 | Depths:1 | Found a bloodstained altar of Trog.
 65540 | Depths:1 | Found an ancient bone altar of Kikubaaqudgha.
 65958 | Depths:1 | Found a gateway to Hell.
 66322 | Depths:2 | Found a snail-covered altar of Cheibriados.
 66901 | Depths:2 | Found Diogoam's Armour Shoppe.
 66984 | Depths:2 | Found a one-way gateway to a ziggurat.
 67581 | Depths:2 | Found a runed translucent door.
 67588 | Depths:2 | Found a runed translucent door.
 67589 | Depths:2 | Noticed a golden dragon
 67852 | Depths:2 | Found a one-way gate leading to the halls of Pandemonium.
 67977 | Depths:2 | Reached skill level 20 in Hexes
 67977 | Depths:2 | Reached XP level 22. HP: 144/178 MP: 33/36
 68625 | Depths:2 | Killed a golden dragon
 68942 | Depths:3 | Found a flickering gateway to a bazaar.
 69059 | Bazaar   | Entered a bazaar
 69148 | Bazaar   | Found Desauc's General Store.
 69155 | Bazaar   | Bought a scroll of enchant weapon for 82 gold pieces
 69155 | Bazaar   | Bought a scroll of fog for 44 gold pieces
 69155 | Bazaar   | Bought a scroll of fear for 44 gold pieces
 69155 | Bazaar   | Bought 2 potions of brilliance for 88 gold pieces
 69158 | Bazaar   | Found Poeroc's General Store.
 69192 | Bazaar   | Found Lionivi's Antique Weapon Boutique.
 69194 | Bazaar   | Found Utyriqiq's Book Shoppe.
 69202 | Bazaar   | Found Sisuukit's Antique Armour Emporium.
 69211 | Bazaar   | Bought a glowing helmet for 165 gold pieces
 69297 | Depths:3 | Found a one-way gate to the infinite horrors of the Abyss.
 69383 | Depths:3 | Reached skill level 21 in Hexes
 69517 | Depths:3 | Reached skill level 10 in Ranged Weapons
 69648 | Depths:3 | You fall into a shaft and drop 1 floor!
 69648 | Depths:4 | Entered Level 4 of the Depths
 69673 | Depths:4 | Found a gate to the Realm of Zot.
 69857 | Depths:4 | Learned a level 8 spell: Discord
 70207 | Depths:4 | Identified the +0 ring mail of Cuzeen {rN+}
 70368 | Depths:4 | Noticed a golden dragon
 70388 | Depths:4 | Killed a golden dragon
 70630 | Depths:4 | Noticed an ancient lich
 70650 | Depths:4 | Killed an ancient lich
 70651 | Depths:4 | Reached skill level 22 in Hexes
 70889 | Depths:4 | Got the Quarto of the Mirage and the Valley
 71086 | Depths:4 | Noticed a golden dragon
 71099 | Depths:4 | Killed a golden dragon
 71804 | Depths:3 | Got Iffaollila's Anthology of Clouds and Momentum
 71839 | Depths:3 | Identified the +2 leather armour of the Morning Star {Harm
                  | rF+}
 71901 | Depths:3 | Noticed a caustic shrike
 71909 | Depths:3 | Killed a caustic shrike
 72003 | Depths:3 | Identified the ring "Dadinari" {rCorr MP+9 Dex+3}
 72023 | Depths:3 | Found a portal to a secret trove of treasure.
 72080 | Depths:3 | Reached XP level 23. HP: 184/184 MP: 37/37
 72378 | Depths:3 | You paid a toll of 15 scrolls of teleportation to enter a
                  | treasure trove
 72379 | Trove    | Entered a treasure trove
 72384 | Trove    | Identified the +5 hand axe of Waxyekle {drain, rF+ Int+5
                  | SInv}
 72385 | Trove    | Identified the +3 mace "Loxerghoi" {drain, *Rage rPois rF-
                  | Str+9}
 72387 | Trove    | Identified the +1 hand axe "Pendulum" {drain, rC+ rCorr
                  | Str-3 SInv}
 72396 | Trove    | Identified the +8 mace of Deacus {speed, Fly Will+}
 72404 | Trove    | Identified the +0 dagger of the Crafting Weasel {venom,
                  | Dex+5}
 72406 | Trove    | Identified the +11 sling of Xifeclo {venom, rC+}
 72408 | Trove    | Identified the +4 whip of Xetuffuts {venom, Str+3 Int+6}
 72414 | Trove    | Identified the +5 sling "Ytopeish" {heavy, rCorr Str+2}
 73019 | Depths:4 | Noticed a juggernaut
 73148 | Depths:4 | Killed a juggernaut
 74054 | Slime:1  | Entered Level 1 of the Pits of Slime
 74730 | Lair:3   | Found a staircase to the Swamp.
 74745 | Swamp:1  | Entered Level 1 of the Swamp
 76106 | Swamp:3  | Reached skill level 15 in Ranged Weapons
 76285 | Swamp:3  | Noticed Mara
 76293 | Swamp:3  | Killed Mara
 76558 | Swamp:4  | Entered Level 4 of the Swamp
 76644 | Swamp:4  | Gained mutation: You are occasionally teleported next to
                  | monsters. [mutagenic glow]
 76782 | Swamp:4  | Lost mutation: You are occasionally teleported next to
                  | monsters. [potion of mutation]
 76782 | Swamp:4  | Lost mutation: You are very dopey. (Int -4) [potion of
                  | mutation]
 76782 | Swamp:4  | Lost mutation: You are dopey. (Int -2) [potion of mutation]
 76782 | Swamp:4  | Gained mutation: You are partially covered in iridescent
                  | scales. (AC +2) [potion of mutation]
 76782 | Swamp:4  | Gained mutation: Your magical capacity is low. (-10% MP)
                  | [potion of mutation]
 76782 | Swamp:4  | Gained mutation: You occasionally shout uncontrollably at
                  | your foes. [potion of mutation]
 77087 | Swamp:4  | Noticed the 27-headed Lernaean hydra
 77090 | Swamp:4  | Killed the 27-headed Lernaean hydra
 77123 | Swamp:4  | Got a decaying rune of Zot
 77171 | Swamp:4  | Found a bloodstained altar of Trog.
 78180 | Spider:3 | Killed Roxanne
 78542 | Zot:1    | Entered Level 1 of the Realm of Zot
 78747 | Zot:1    | Noticed a curse toe
 78747 | Zot:1    | Noticed Parghit
 78864 | Depths:4 | Killed Parghit
 78983 | Depths:4 | Killed a curse toe
 79282 | Zot:1    | Reached XP level 24. HP: 175/191 MP: 29/33
 79835 | Zot:1    | Found a stormy altar of Qazlal.
 80027 | Zot:1    | Identified the +3 chain mail of Minor Irritation {rPois
                  | Int+4}
 82395 | D:14     | Bought a book of Unlife for 396 gold pieces
 82402 | D:14     | Learned a level 5 spell: Borgnjor's Vile Clutch
 82644 | Zot:3    | Reached skill level 1 in Necromancy
 83676 | Zot:3    | Reached skill level 5 in Earth Magic
 84238 | Zot:4    | Reached skill level 5 in Necromancy
 84806 | Zot:3    | Reached XP level 25. HP: 174/197 MP: 33/33
 84857 | Zot:4    | Noticed a Killer Klown
 84871 | Zot:4    | Killed a Killer Klown
 85917 | Zot:5    | Entered Level 5 of the Realm of Zot
 85924 | Zot:5    | Noticed a Killer Klown
 85944 | Zot:5    | Killed a Killer Klown
 86374 | Zot:5    | Noticed an ancient lich
 86374 | Zot:5    | Noticed an ancient lich
 86379 | Zot:5    | Noticed a Killer Klown
 86383 | Zot:5    | Noticed a Killer Klown
 86388 | Zot:5    | Killed an ancient lich
 86394 | Zot:5    | Killed an ancient lich
 86394 | Zot:5    | Noticed an ancient lich
 86399 | Zot:5    | Killed an ancient lich
 86734 | Zot:5    | Killed a Killer Klown
 86922 | Zot:5    | Noticed a Killer Klown
 86947 | Zot:5    | Killed a Killer Klown
 87470 | Zot:5    | Noticed a Killer Klown
 87482 | Zot:5    | Killed a Killer Klown
 87502 | Zot:5    | Noticed an orb of fire
 87504 | Zot:5    | Gained mutation: You frequently scream uncontrollably at
                  | your foes. [an orb of fire]
 87514 | Zot:5    | Killed an orb of fire
 87546 | Zot:5    | Noticed a Killer Klown
 87565 | Zot:5    | Noticed a Killer Klown
 87587 | Zot:5    | Reached skill level 10 in Necromancy
 87591 | Zot:5    | Noticed an orb of fire
 87592 | Zot:5    | Noticed a Killer Klown
 87602 | Zot:5    | Killed a Killer Klown
 87607 | Zot:5    | Noticed a Killer Klown
 87613 | Zot:5    | Killed a Killer Klown
 87650 | Zot:5    | Got the Orb of Zot
 88234 | D:$      | Escaped with the Orb!

Illustrated notes

Levels and vault maps discovered:
D:1:      dpeg_arrival_rhombi, layout_loops_ring
D:2:      layout_basic, nicolae_ecumenical_pavilion
D:3:      layout_basic, nemelex_dance_club_becter
D:4:      layout_loops_ring, evilmike_ruin_ashenzari, minmay_temple_entry_fiery,
          grunt_decor_cap
D:5:      layout_basic, guppyfry_early_orc_mine
D:6:      layout_loops_ring, overflow_temple_1_default,
          pf_guarded_unrand_woodcutter
D:7:      layout_rooms, mainiacjoe_overflow_catwalk, uniq_menkaure,
          uniq_prince_ribbit1, uniq_maurice
D:8:      layout_basic, okawaru_ov_weapons_minmay, elyvilon_altar_3,
          mainiacjoe_overflow_boulevard, minmay_misc_feat_five,
          kennysheep_generic_room_4
D:9:      layout_roguey, item_on_display_b
D:10:     layout_roguey, david_lair_generic, nicolae_shop_clearance,
          uniq_nergalle, uniq_sonja
D:11:     nicolae_hitomezashi [nicolae_hito_row, nicolae_hito_row,
          nicolae_hito_row, nicolae_hito_row, nicolae_hito_row,
          nicolae_hito_row, nicolae_hito_row, nicolae_hito_row,
          nicolae_hito_row, nicolae_hito_row, nicolae_hito_row,
          nicolae_hito_row, nicolae_hito_row, nicolae_hito_row,
          nicolae_hito_row, nicolae_hito_row, nicolae_hito_row,
          nicolae_hito_row], layout_loops_corners, orc_david_3,
          makhleb_altar_promises_db
D:12:     layout_layer_cave
D:13:     layout_long_grid, erik_vaults_2, serial_shops, shop,
          maelrawn_ghost_gauntlet_escape, serial_ice, serial_ice_m,
          serial_ice_a, serial_ice_n, serial_ice_c, serial_ice_l, serial_ice_f,
          portal_ice_cave_entry_pillars_2, nrook_mini_vaults,
          hangedman_decor_peaks_small, eino_house_with_fridge
D:14:     layout_loops_ring, serial_shops, nicolae_shop_window_shopping,
          nicolae_shop_just_a_little_nook, kennysheep_little_box
D:15:     grunt_enter_depths_magical_seal, layout_irregular_city,
          nicolae_twisting_strands, serial_shops, nicolae_shop_trees,
          uniq_josephine, uniq_jorgrun
Lair:1:   layout_cave_pods, grunt_megastairs_1, uniq_grum, uniq_maggie
Lair:2:   layout_big_grid, gauntlet_entry_generic
Lair:3:   layout_roguey, palyth_hydra_swamp_entry, spider_nest_entry_rubble,
          grunt_megastairs_4
Lair:4:   layout_regular_city, grunt_forest_small_clearing_treed,
          serial_bayou_shore_a
Lair:5:   wormcave, layout_regular_city, guppyfry_lair_end_dragon,
          nicolae_slime_entry_slimehenge, nicolae_quartered_pool_medium,
          minmay_shattered_shrine, serial_bayou_shore_b
Swamp:1:  layout_basic_swamp, evilmike_swamp_ruin_rubble_1
Swamp:2:  layout_basic_swamp, hangedman_swamp_ruin_hall
Swamp:3:  layout_basic_swamp, evilmike_swamp_ruin_house_2, uniq_mara
Swamp:4:  grunt_swamp_rune_castle, layout_basic_swamp, lemuel_altar_in_water
Spider:1: layout_spider_delve, nicolae_crawler_farm
Spider:2: nicolae_spider_mines_3, nicolae_spider_bug_shape
Spider:3: layout_spider_delve, uniq_arachne, uniq_agnes, uniq_roxanne
Spider:4: grunt_spider_rune_circles, spiders_nest_the_unseen
Slime:1:  layout_caves
Orc:1:    layout_caves, serial_shops, nicolae_book_shop_shelving,
          nicolae_lakefront_shop, nicolae_shop_advertising_works
          [nicolae_subvault_shop_adworks], nicolae_shop_waterfront,
          nicolae_shop_statue_plus
Orc:2:    st_orc_elflike, layout_caves, serial_shops, shop, shop, shop, shop,
          shop, basic_altar, mines1_david
Elf:1:    layout_loops_cross, serial_shops, nicolae_shop_rolling_square,
          evilmike_minifort, nicolae_shop_sticking_my_neck_out
Elf:2:    elven_hall_of_blades_hangedman_original [nooodl_blade_entry_preview],
          layout_loops_corners, serial_shops, bzr_entry_dummy
Elf:3:    minmay_elf_hall_hex, layout_geoelf_diagonals, serial_shops, shop
Vaults:1: lightli_enter_wizlab_magi_temple, ontoclasm_vaults_hangar,
          nicolae_vaults_mini_display_case, nicolae_vaults_back_hallway,
          grunt_vaults_focal, nicolae_vaults_rhombus_6, v_pattern_3, v_misc_5,
          layout_vaults_omnigrid
Vaults:2: v_alt_pattern_5, v_alt_pattern_1, nicolae_vaults_lopsided_apartments,
          v_misc_18, minmay_crypt_entry_simple_box, v_alt_pattern_6,
          vaults_standard_mumra_x, vaults_room_fancy_cross,
          nicolae_vaults_puzzle_piece, nicolae_vaults_little_squares_1,
          nicolae_vaults_alarming, nicolae_vaults_trapezoid_lopsided_3,
          layout_vaults_chaotic_city, uniq_sojobo, uniq_xtahua
Vaults:3: v_alt_pattern_6, vaults_room_corners, ontoclasm_vaults_twist,
          nicolae_vaults_stepped_doors, v_misc_17, nicolae_vaults_tangram_2,
          nicolae_vaults_tangram_2, vaults_room_grid, nicolae_vaults_wrenched,
          nicolae_vaults_hallways_thing, nicolae_vaults_tetromino_L_2,
          vaults_room_guarded_vault, hangedman_vaults_locks,
          vaults_room_fancy_cross, nicolae_vaults_network_square,
          nicolae_vaults_tetromino_L_2, layout_vaults_maze, uniq_jory,
          uniq_margery, uniq_nikola
Vaults:4: nicolae_vaults_network_barrier, nicolae_vaults_two_Ls,
          nicolae_vaults_trapezoid_1, vaults_dpeg_doors, v_misc_1,
          vaults_room_pools, nicolae_vaults_more_shelving_1,
          ontoclasm_vaults_ligature, nicolae_vaults_tetromino_T_1,
          vaults_standard_mumra_enter_the_diamond, v_misc_24,
          nicolae_vaults_surprise_closet_hard, layout_vaults_omnicross
Vaults:5
Depths:1: layout_gridlike, bloody_trog, hell_entry, kennysheep_vampire_church,
          uniq_boris
Depths:2: thingy_vault_2, layout_gridlike, enter_ziggurat_a,
          pf_dread_powers_of_hell, serial_shops, shop,
          hangedman_abyss_or_decor_stabs, pan_entry, slow_altar_1
Depths:3: minmay_chopped_fan, layout_cave_pools, pf_coc_iceberg, enter_trove_1,
          serial_glass, glass_columns_a, glass_columns_a,
          rand_demon_pan_entry_9, minmay_misc_feat_plants, serial_shops,
          bzr_entry_water, abyss_entry, serial_bayou_shore_b
Depths:4: hangedman_pleasuredromes, abyss_entry, hell_entry
Zot:1:    layout_basic, regret_index_zotdec_storm_pass, grunt_ministairs_15,
          uniq_parghit
Zot:2:    layout_misc_corridors
Zot:3:    layout_gridlike
Zot:4:    layout_basic, grunt_megastairs_5, regret_index_zotdec_twisting_globes
Zot:5:    layout_basic

Skill      XL: |  1  2  3  4  5  6  7  8  9 10 11 12 13 14 15 16 17 18 19 20 21 22 23 24 25 |
---------------+----------------------------------------------------------------------------+-----
Short Blades   | 2 3 4 5 6 8 10 12 14 | 14.0
Hexes          | 5 6 7 9 14 16 18 19 20 22 | 22.0
Ice Magic      | 1 2 |  2.0
Alchemy        | 1 6 10 11 14 15 | 15.0
Fighting       | 2 3 5 7 8 9 10 11 15 16 | 16.3
Conjurations   | 1 3 5 6 7 8 9 |  9.3
Air Magic      | 2 7 8 |  8.8
Stealth        | 10 11 14 18 | 18.0
Dodging        | 4 6 8 10 11 12 13 17 | 17.8
Spellcasting   | 4 7 9 10 | 10.5
Evocations     | 3 5 6 9 10 | 10.0
Armour         | 2 |  2.2
Earth Magic    | 2 4 5 |  5.0
Fire Magic     | 1 5 |  5.0
Shields        | 5 6 |  6.0
Ranged Weapons | 9 13 17 19 21 | 21.2
Translocations | 2 |  2.0
Necromancy     | 6 10 | 10.2

Action                     |  1- 3 |  4- 6 |  7- 9 | 10-12 | 13-15 | 16-18 | 19-21 | 22-24 | 25-27 || total
---------------------------+-------+-------+-------+-------+-------+-------+-------+-------+-------++-------
  Melee: Dagger            |   120 |   176 |   115 |   493 |  1609 |   280 |       |       |       ||  2793
         Bite              |     9 |    18 |    42 |   109 |   295 |    97 |   182 |    91 |       ||   843
         Battleaxe         |       |       |   110 |   157 |    23 |       |       |       |       ||   290
         Staff             |       |       |       |       |       |   111 |   122 |    85 |       ||   318
         Rapier            |       |       |       |       |       |    68 |   735 |   395 |     3 ||  1201
   Fire: Sling             |     1 |       |       |       |       |       |       |       |       ||     1
         Triple crossbow   |       |       |       |       |       |       |       |  1000 |   236 ||  1236
  Throw: Dart              |       |     2 |       |       |    10 |     1 |       |     4 |       ||    17
         Throwing net      |       |       |       |       |     1 |     1 |       |     3 |       ||     5
   Cast: Ensorcelled Hiber |     6 |    15 |    13 |    23 |    27 |       |       |       |       ||    84
         Confusing Touch   |       |     9 |    15 |     5 |   106 |    32 |     2 |       |       ||   169
         Olgreb's Toxic Ra |       |       |     1 |    63 |   162 |   324 |   246 |    76 |       ||   872
         Mephitic Cloud    |       |       |     1 |    12 |    24 |     2 |       |       |       ||    39
         Irradiate         |       |       |       |     6 |    46 |    69 |    60 |    94 |    16 ||   291
         Passwall          |       |       |       |       |     2 |    14 |       |     2 |     5 ||    23
         Ignite Poison     |       |       |       |       |     1 |   150 |   116 |    33 |       ||   300
         Enfeeble          |       |       |       |       |       |     3 |    31 |    17 |     3 ||    54
         Yara's Violent Un |       |       |       |       |       |       |     5 |     3 |     1 ||     9
         Discord           |       |       |       |       |       |       |       |    17 |     3 ||    20
         Blink             |       |       |       |       |       |       |       |     1 |       ||     1
         Borgnjor's Vile C |       |       |       |       |       |       |       |       |    15 ||    15
 Invoke: Potion Petition   |       |       |       |       |       |       |       |     6 |     3 ||     9
         Bribe Branch      |       |       |       |       |       |       |       |       |     3 ||     3
Ability: Exsanguinate      |       |       |     1 |       |       |       |       |       |       ||     1
         Revivify          |       |       |     1 |       |       |       |       |       |       ||     1
  Evoke: Wand              |       |       |       |     2 |     5 |     8 |     2 |     1 |       ||    18
         Lightning rod     |       |       |       |       |     8 |     7 |     8 |    14 |       ||    37
         Phial of floods   |       |       |       |       |     2 |     3 |       |       |       ||     5
         Phantom mirror    |       |       |       |       |       |       |       |     3 |     1 ||     4
         Sack of spiders   |       |       |       |       |       |       |       |     1 |     1 ||     2
    Use: Scroll            |       |     3 |     2 |     9 |    16 |    18 |     3 |     9 |     5 ||    65
         Potion            |       |       |     1 |     1 |     1 |     2 |     2 |     7 |     7 ||    21
   Stab: Sleeping          |    16 |     9 |    14 |    19 |    32 |    27 |    14 |    15 |     3 ||   149
         Confused          |       |    11 |    14 |    18 |   112 |    42 |     2 |       |       ||   199
         Distracted        |       |       |     2 |     1 |     6 |     2 |    10 |     6 |       ||    27
         Invisible         |       |       |       |     1 |       |       |     1 |    18 |       ||    20
         Held in net/web   |       |       |       |       |     1 |     1 |       |     4 |       ||     6
 Armour: Robe              |    40 |    31 |    58 |   271 |   144 |    64 |   424 |   679 |    93 ||  1804
         Swamp dragon scal |       |       |       |       |    82 |       |       |       |       ||    82
         Leather armour    |       |       |       |       |   339 |   463 |       |       |       ||   802
         Skin              |       |       |       |       |       |       |       |       |    15 ||    15
  Dodge: Dodged            |    77 |   125 |   147 |   645 |  1019 |   491 |   658 |  1081 |   180 ||  4423
         Repelled          |       |     2 |     2 |    11 |    30 |    43 |     9 |       |       ||    97
  Block: Other             |       |       |       |       |       |    38 |       |   122 |    18 ||   178
         Reflection        |       |       |       |       |       |     3 |    43 |     7 |     2 ||    55
         Buckler           |       |       |       |       |       |     7 |   494 |   244 |       ||   745

Table legend: (Time is in decaauts)
 A = Elapsed time spent in this place.
 B = Non-inter-level travel time spent in this place.
 C = Inter-level travel time spent in this place.
 D = Time resting spent in this place.
 E = Time spent auto-exploring this place.
 F = Levels seen in this place.
 G = Mean time per level.
                   A        B        C        D        E       F      G
               +--------+--------+--------+--------+--------+-----+--------+
         Total |  86640 |  78548 |   8092 |  19043 |  42812 |  53 | 1634.7 |
       Dungeon |  23124 |  19924 |   3200 |   3808 |  11813 |  15 | 1541.6 |
          Lair |  10982 |   9756 |   1226 |   2246 |   5447 |   5 | 2196.4 |
         Swamp |   3038 |   2898 |    140 |    168 |   2175 |   4 |  759.5 |
   Spider Nest |   6145 |   5777 |    368 |   1660 |   2762 |   4 | 1536.2 |
    Slime Pits |      2 |      2 |      0 |      0 |      0 |   1 |    2.0 |
  Orcish Mines |   2502 |   2133 |    369 |    204 |   1576 |   2 | 1251.0 |
   Elven Halls |   8195 |   7800 |    395 |   3049 |   3033 |   3 | 2731.7 |
        Vaults |  13804 |  13064 |    740 |   3167 |   7329 |   5 | 2760.8 |
        Depths |   9212 |   8069 |   1143 |   1627 |   4720 |   4 | 2303.0 |
           Zot |   8242 |   7735 |    507 |   2761 |   3306 |   5 | 1648.4 |
        Bazaar |    350 |    350 |      0 |      0 |    279 |   2 |  175.0 |
         Trove |     84 |     84 |      0 |      0 |     23 |   1 |   84.0 |
      Ice Cave |    922 |    922 |      0 |    322 |    346 |   1 |  922.0 |
        Wizlab |     31 |     31 |      0 |     28 |      0 |   1 |   31.0 |
               +--------+--------+--------+--------+--------+-----+--------+

Top non-repeatable levels by time:
   Elf:3: 5470 daAuts
  Lair:5: 3525 daAuts
Vaults:4: 3472 daAuts
Depths:4: 3256 daAuts
Vaults:5: 3179 daAuts
    D:10: 2612 daAuts
Vaults:2: 2582 daAuts
Vaults:1: 2405 daAuts
    D:11: 2343 daAuts
  Lair:4: 2317 daAuts
    D:14: 2266 daAuts
   Zot:3: 2195 daAuts
  Lair:3: 2189 daAuts
Depths:2: 2166 daAuts
Vaults:3: 2165 daAuts
